 Dungeon Crawl Stone Soup version 0.29-a0-9-g022ca4c890 (webtiles) character file.

Game seed: 15830715958912710857

95 avis the Ruffian (level 4, -2/38 HPs)
             Began as a Hill Orc Transmuter on Jan 28, 2022.
             Slain by an adder (5 damage)
             ... on level 2 of the Dungeon.
             The game lasted 00:07:33 (1582 turns).

avis the Ruffian (Hill Orc Transmuter)              Turns: 1582, Time: 00:07:33

Health: -2/38      AC:  2    Str: 12    XL:     4   Next: 65%
Magic:  6/6        EV: 12    Int: 15    God:
Gold:   64         SH:  0    Dex: 11    Spells: 5/6 levels left

rFire   . . .      SeeInvis .     - Unarmed
rCold   + . .      Faith    .   (no shield)
rNeg    . . .      Spirit   .   a - +0 robe
rPois   .          Reflect  .   (no helmet)
rElec   .          Harm     .   (no cloak)
rCorr   .          Rampage  .   (no gloves)
Will    .....                   (no boots)
Stlth   +.........              (no amulet)
HPRegen 0.12/turn               h - ring of protection from cold
MPRegen 0.10/turn               (no ring)

@: lethally poisoned (-2 -> -4), attractive, hasted, very quick
A: no striking features
a: no special abilities


You were on level 2 of the Dungeon.
You visited 1 branch of the dungeon, and saw 2 of its levels.

You collected 64 gold pieces.

Inventory:

Hand Weapons
 j - a +3 short sword
Missiles
 d - 4 stones
 i - 14 bolts
Armour
 a - a +0 robe (worn)
 f - a +0 ring mail
Jewellery
 h - a ring of protection from cold (left hand)
Scrolls
 b - a scroll of enchant armour {unknown}
 c - a scroll of teleportation {unknown}
 k - a scroll of enchant weapon {unknown}


   Skills:
 - Level 3.0 Fighting
 - Level 2.0 Dodging
 * Level 4.9 Unarmed Combat
 - Level 1.5 Spellcasting
 - Level 1.3 Transmutations


You had 5 spell levels left.
You knew the following spells:

 Your Spells              Type           Power      Damage    Failure   Level
a - Beastly Appendage     Tmut           10%        N/A       13%         1

Your spell library contained the following spells:

 Spells                   Type           Power      Damage    Failure   Level
 Wereblood                Tmut           5%         N/A       21%         2
 Spider Form              Tmut/Pois      3%         N/A       45%         3
 Ice Form                 Ice/Tmut       3%         N/A       86%         4


Dungeon Overview and Level Annotations

Branches:
Dungeon (2/15)

Altars:


Message History

You feel sick. The adder closely misses you.
You closely miss the adder. Your headbutt misses the adder.
The adder is lightly wounded.
You feel sick. The adder bites you. x2
You miss the adder.
The adder is lightly wounded.
You feel sick. The adder misses you.
You hit the adder. Your kick misses the adder.
The adder is moderately wounded.
You feel sick. The adder bites you.
You are more poisoned.
The adder poisons you!
You hit the adder.
The adder is moderately wounded.
You feel sick. The adder bites you but does no damage.
It was a potion of attraction.
You feel attractive to monsters.
You feel sick. The adder barely misses you.
You barely miss the adder. You claw the adder, but do no damage.
The adder is moderately wounded.
You feel sick. The adder bites you.
* * * LOW HITPOINT WARNING * * *
The adder bites you.
* * * LOW HITPOINT WARNING * * *
It was a potion of haste.
You feel yourself speed up.
You feel sick. The adder barely misses you.
You hit the adder. You claw the adder.
The adder is severely wounded.
You feel sick. The adder bites you.
* * * LOW HITPOINT WARNING * * *
You closely miss the adder. Your kick misses the adder.
Your headbutt misses the adder.
The adder is severely wounded.
Your horns disappear.
Your talons disappear.
* * * LOW HITPOINT WARNING * * *
You feel sick.
You barely miss the adder. Your punch misses the adder.
The adder is severely wounded.
The adder bites you.
You die...

..#.......# #.#.≈...≈.#
##.#.......#.#
#............#
##########.###...#####
...........# #.###
#######......###.#
...>.............#######
######@........))).....
......S.......##.######.
.#####.##.#...##.# ####.
#.##.#......# #....
###....#.#....# #.###
#......)......# #.#
#.#..###...#..###.#
#.###.#..# #..###.....#
#........# ###.#.######


You could see an adder.

Vanquished Creatures
  An orc priest (D:2)
  An orc wizard (D:2)
  2 dart slugs
  3 orcs (D:2)
  2 endoplasms (D:1)
  A giant cockroach (D:1)
  A goblin (D:1)
  2 hobgoblins
  2 quokkas (D:1)
  2 ball pythons
  5 bats
  2 frilled lizards (D:2)
  6 kobolds
  7 rats (D:1)
  A spectral hobgoblin (D:1)
38 creatures vanquished.

Notes
Turn   | Place    | Note
-------+----------+-------------------------------------------
     0 | D:1      | avis the Hill Orc Transmuter began the quest for the Orb.
     0 | D:1      | Reached XP level 1. HP: 16/16 MP: 3/3
   274 | D:1      | Reached XP level 2. HP: 24/24 MP: 2/4
   313 | D:1      | Found a faded altar of an unknown god.
   630 | D:1      | Reached skill level 4 in Unarmed Combat
  1062 | D:2      | Reached XP level 3. HP: 30/30 MP: 3/5
  1303 | D:2      | Reached XP level 4. HP: 22/38 MP: 4/6
  1582 | D:2      | Slain by an adder

Illustrated notes

Levels and vault maps discovered:
D:1:      nzn_arrival_settlement, layout_rooms,
          dreamdust_ecumenical_altar_drowned_temple, minmay_misc_feat_diagonals,
          chequers_serial_rivers_small_3
D:2:      cheibrodos_pilgrimage, layout_loops_ring, eino_tiny_chamber

Skill      XL: |  1  2  3 |
---------------+----------+-----
Fighting       | 2 3 |  3.0
Unarmed Combat | 4 |  4.9
Dodging        | 2 |  2.0
Spellcasting   | |  1.5
Transmutations | |  1.3

Action                   |  1- 3 |  4- 6 || total
-------------------------+-------+-------++-------
Melee: Unarmed           |    94 |    26 ||   120
       Kick              |    22 |     6 ||    28
       Headbutt          |    16 |       ||    16
       Punch             |     2 |       ||     2
 Cast: Beastly Appendage |    23 |     3 ||    26
  Use: Potion            |       |     2 ||     2
Armor: Robe              |    11 |     1 ||    12
Dodge: Dodged            |    50 |    16 ||    66

Table legend: (Time is in decaauts)
 A = Elapsed time spent in this place.
 B = Non-inter-level travel time spent in this place.
 C = Inter-level travel time spent in this place.
 D = Time resting spent in this place.
 E = Time spent auto-exploring this place.
 F = Levels seen in this place.
 G = Mean time per level.
                   A        B        C        D        E       F      G
               +--------+--------+--------+--------+--------+-----+--------+
         Total |   1582 |   1566 |     16 |    656 |    583 |   2 |  791.0 |
       Dungeon |   1582 |   1566 |     16 |    656 |    583 |   2 |  791.0 |
               +--------+--------+--------+--------+--------+-----+--------+

Top non-repeatable levels by time:
     D:1: 1061 daAuts
     D:2: 520 daAuts
